 Dungeon Crawl Stone Soup version 0.29.1-13-g9f3cf754e1 (webtiles) character file.

Game seed: 16267485908614893838

953 theswoord the Cruncher (level 7, 0/50 HPs)
             Began as a Demonspawn Gladiator on Jan 26, 2023.
             Was an Initiate of Ru.
             Succumbed to a killer bee's poison
             ... on level 5 of the Dungeon.
             The game lasted 00:08:12 (5605 turns).

theswoord the Cruncher (Demonspawn Gladiator)       Turns: 5605, Time: 00:08:12

Health: 0/50       AC: 19    Str: 14    XL:     7   Next: 90%
Magic:  7/7        EV:  6    Int:  9    God:    Ru [......]
Gold:   182        SH:  0    Dex: 15    Spells: 6/6 levels left

rFire   . . .      SeeInvis .   a - +1 quarterstaff (chaos)
rCold   . . .      Faith    .   (shield currently unavailable)
rNeg    . . .      Spirit   .   h - +0 chain mail
rPois   .          Reflect  .   c - +0 helmet
rElec   .          Harm     .   (no cloak)
rCorr   +          Rampage  .   g - +0 pair of gloves
Will    .....      Clarity  +   (no boots)
Stlth   ..........              (no amulet)
HPRegen 0.16/turn               f - ring of resist corrosion
MPRegen 0.10/turn               (no ring)

@: lethally poisoned (0 -> -3), sanguine armoured
A: ignite blood 1, powered by pain 2, sanguine armour 2, clarity, deterioration
2, weak 1
a: Renounce Religion


You were on level 5 of the Dungeon.
You worshipped Ru.
Ru was noncommittal.
You visited 2 branches of the dungeon, and saw 6 of its levels.

You collected 182 gold pieces.

Inventory:

Hand Weapons
 a - a +1 quarterstaff of chaos (weapon)
Missiles
 d - 2 throwing nets (quivered)
 e - a javelin
Armour
 b - a +0 leather armour
 c - a +0 helmet (worn)
 g - a +0 pair of gloves (worn)
 h - a +0 chain mail (worn)
Jewellery
 f - a ring of resist corrosion (left hand)
Scrolls
 j - 2 scrolls of enchant weapon
 k - a scroll of vulnerability
 l - 2 scrolls of immolation
 q - 2 scrolls of identify
Potions
 m - a potion of flight


   Skills:
 - Level 2.0 Fighting
 + Level 8.8 Staves
 - Level 1.7 Throwing
 - Level 2.6 Dodging


You had 6 spell levels left.
You didn't know any spells.
Your spell library was empty.

Dungeon Overview and Level Annotations

Branches:
Dungeon (5/15)             Temple (1/1) D:4

Altars:
Dithmenos
Hepliaklqana
Nemelex Xobeh
Ru
Trog
Xom


Innate Abilities, Weirdness & Mutations

Your demonic aura sometimes causes spilled blood to erupt in flames.
You sometimes gain power by taking damage.
When seriously injured, your blood forms thick armour. (AC +9)
You possess an exceptional clarity of mind.
Your body often deteriorates upon taking damage.
You are weak. (Str -2)


Message History

The killer bee stings you but does no damage.
The killer bee barely misses you.
You hit the killer bee.
The killer bee seems to speed up.
The killer bee is moderately wounded.
The killer bee stings you but does no damage. x2
The killer bee stings you.
* * * LOW HITPOINT WARNING * * *
You are more poisoned.
The killer bee poisons you!
You hit the killer bee.
The killer bee is heavily wounded.
You feel very sick. The killer bee barely misses you.
The killer bee completely misses you.
You sock the killer bee! You freeze the killer bee.
You kill the killer bee!
You feel sick.
The killer bee stings you but does no damage.
You closely miss the killer bee.
You feel sick. The killer bee completely misses you.
The killer bee barely misses you.
You miss the killer bee.
You feel sick. The killer bee stings you.
* * * LOW HITPOINT WARNING * * *
The killer bee stings you but does no damage.
You hit the killer bee but do no damage.
You feel sick.
The killer bee stings you but does no damage.
The killer bee completely misses you.
You hit the killer bee. You burn the killer bee.
The killer bee is heavily wounded.
You feel sick.
The killer bee stings you but does no damage.
Unknown command.
You hit the killer bee.
The killer bee is severely wounded.
The killer bee stings you.
* * * LOW HITPOINT WARNING * * *
The killer bee stings you but does no damage.
Okay, then.
You miss the killer bee.
The killer bee is severely wounded.
You die...

##y...##.##....#..#
.yy...........>##.#
##y..######.......#
####........#.####
#'#####..#.#.. .y.
## #.#.# ....#
#.#.# .....# #.#.#
####... #.#@# #.##
#.#y# #.# #..g#
#.### #.# #.# .#
..# .# ..# .# ...#


You could see a killer bee and a gnoll.

Vanquished Creatures
  Sigmund (D:3)
  A black bear (D:4)
  A phantom (D:4)
  3 killer bees (D:5)
  A hound (D:5)
  2 orc priests
  Jessica (D:3)
  Natasha (twice) (D:3)
  2 iguanas (D:4)
  3 orc wizards
  3 gnolls (D:4)
  3 adders
  A white imp (D:3)
  A worm (D:2)
  3 dart slugs (D:3)
  13 orcs
  4 endoplasms
  4 goblins
  9 hobgoblins
  14 jackals
  11 kobolds
  3 quokkas (D:4)
  2 ball pythons
  5 bats
  4 frilled lizards (D:3)
  7 rats
104 creatures vanquished.

Vanquished Creatures (collateral kills)
  Natasha (D:3)
1 creature vanquished.

Vanquished Creatures (others)
  2 orc zombies
  6 plants (D:3)
8 creatures vanquished.

Grand Total: 113 creatures vanquished

Notes
Turn   | Place    | Note
-------+----------+-------------------------------------------
     0 | D:1      | theswoord the Demonspawn Gladiator began the quest for the
                  | Orb.
     0 | D:1      | Reached XP level 1. HP: 16/16 MP: 1/1
   244 | D:1      | Reached skill level 3 in Staves
   509 | D:1      | Gained mutation: You sometimes gain a little power by
                  | taking damage. [demonic ancestry]
   509 | D:1      | Reached XP level 2. HP: 16/22 MP: 2/2
  1010 | D:2      | Gained mutation: When seriously injured, your blood forms
                  | armour. (AC +9) [demonic ancestry]
  1010 | D:2      | Reached XP level 3. HP: 27/27 MP: 3/3
  1122 | D:2      | Found a shimmering altar of Xom.
  1249 | D:2      | Reached skill level 4 in Staves
  1830 | D:3      | Noticed Jessica
  1832 | D:3      | Found a shadowy altar of Dithmenos.
  1834 | D:3      | Killed Jessica
  1835 | D:3      | Gained mutation: When seriously injured, your blood forms
                  | thick armour. (AC +9) [demonic ancestry]
  1835 | D:3      | Reached XP level 4. HP: 33/33 MP: 4/4
  2136 | D:3      | Reached skill level 5 in Staves
  2367 | D:3      | Noticed Natasha
  2368 | D:3      | Noticed Sigmund
  2380 | D:3      | Killed Natasha
  2381 | D:3      | Gained mutation: Your demonic aura sometimes causes spilled
                  | blood to erupt in flames. [demonic ancestry]
  2381 | D:3      | Reached XP level 5. HP: 29/38 MP: 5/5
  2430 | D:3      | Killed Sigmund
  2431 | D:3      | Reached skill level 6 in Staves
  2431 | D:3      | Reached XP level 6. HP: 4/44 MP: 6/6
  3122 | D:3      | Noticed Natasha
  3135 | D:3      | Killed Natasha
  3173 | D:3      | Noticed Natasha
  3183 | D:3      | Killed Natasha
  3278 | D:3      | Identified the +6 hand axe of the Thieving Enemy {venom,
                  | rPois rF+ Dex+2 Stlth+}
  3347 | D:3      | Found a faded altar of an unknown god.
  3491 | D:3      | Found a faded altar of an unknown god.
  3492 | D:3      | Found a hazy altar of Hepliaklqana.
  3518 | D:3      | HP: 2/44 [something/magic dart (3)]
  4093 | D:4      | Reached skill level 7 in Staves
  4135 | D:4      | Found a staircase to the Ecumenical Temple.
  4173 | Temple   | Entered the Ecumenical Temple
  4178 | Temple   | Became a worshipper of Ru the Awakened
  4645 | D:4      | Gained mutation: You sometimes gain power by taking damage.
                  | [demonic ancestry]
  4645 | D:4      | Reached XP level 7. HP: 39/50 MP: 7/7
  4801 | D:4      | Reached skill level 8 in Staves
  5013 | D:5      | Entered Level 5 of the Dungeon
  5594 | D:5      | HP: 1/50 [killer bee (5)]
  5596 | D:5      | Gained mutation: Your body sometimes deteriorates upon
                  | taking damage. [potion of mutation]
  5596 | D:5      | Gained mutation: Your body often deteriorates upon taking
                  | damage. [potion of mutation]
  5596 | D:5      | Gained mutation: You are weak. (Str -2) [potion of
                  | mutation]
  5596 | D:5      | Gained mutation: You possess an exceptional clarity of
                  | mind. [potion of mutation]
  5604 | D:5      | HP: 1/50 [killer bee (5)]
  5605 | D:5      | Succumbed to a killer bee's poison

Skill      XL: |  1  2  3  4  5  6  7 |
---------------+----------------------+-----
Staves         | 3 4 5 6 7 8 |  8.8
Fighting       | |  2.0
Throwing       | |  1.7
Dodging        | |  2.6

Action                   |  1- 3 |  4- 6 |  7- 9 || total
-------------------------+-------+-------+-------++-------
Melee: Quarterstaff      |    79 |   162 |   103 ||   344
       Unarmed           |       |     7 |       ||     7
Throw: Throwing net      |       |     3 |       ||     3
  Use: Scroll            |     9 |     2 |     2 ||    13
       Potion            |       |     6 |     6 ||    12
Armor: Chain mail        |    38 |   141 |    98 ||   277
       Leather armour    |     3 |       |       ||     3
Dodge: Dodged            |    34 |    65 |    28 ||   127

Levels and vault maps discovered:
D:1:      lightli_arrival_noodles, layout_rooms
D:2:      layout_basic, basic_altar
D:3:      layout_basic, mainiacjoe_overflow_paths,
          beargit_hepliaklqana_dungeon_heroes,
          chequers_ecumenical_altar_simple_redux, serial_bayou_ford_a,
          chequers_serial_rivers_micro_e, uniq_jessica, uniq_natasha,
          uniq_sigmund
D:4:      layout_rooms, minmay_temple_entry_mini_moons, minmay_checkerbox
D:5:      layout_basic, jmf_multi_god_temple2, uniq_edmund
Temple:   nicolae_temple_bog_church
